SL
THUNDER BAY NORTHERN LIONS BC @ TOLEDO STINGERS
07/13/2026
 
TOP OF THE 1ST
Thunder Bay Northern Lions BC batting - Pitching for Toledo Stingers : LHP Arnie Pittman
Pitching: LHP Arnie Pittman
Batting: LHB Chris Gregory 0-0: Called Strike
0-1: Ball
1-1: Swinging Strike
1-2: Foul Ball, location: 2F
1-2: Foul Ball, location: 2F
1-2: Fly out, F8 (Flyball, 8LXD)
Batting: SHB Carlos Rodríguez 0-0: Ball
1-0: Called Strike
1-1: Foul Ball, location: 2F
1-2: Ball
2-2: Strikes out swinging
Batting: RHB Wilfred McLaughlin 0-0: Foul Ball, location: 2F
0-1: Ball
1-1: Called Strike
1-2: Ball
2-2: DOUBLE (Flyball, 7D)
Batting: LHB David Smith 0-0: Called Strike
0-1: Called Strike
0-2: Ball
1-2: Ball
2-2: Strikes out swinging
Top of the 1st over - 0 run(s), 1 hit(s), 0 error(s), 1 left on base; Thunder Bay 0 - Toledo 0
BOTTOM OF THE 1ST
Toledo Stingers batting - Pitching for Thunder Bay Northern Lions BC : RHP Rafael Cardona
Pitching: RHP Rafael Cardona
Batting: LHB Chris West 0-0: Ground out 4-3 (Groundball, 4)
Batting: RHB John Downing 0-0: Swinging Strike
0-1: Swinging Strike
0-2: Strikes out swinging
Batting: LHB Yannick Hendriksen 0-0: Ball
1-0: Swinging Strike
1-1: Foul Ball, location: 2F
1-2: Strikes out swinging
Bottom of the 1st over - 0 run(s), 0 hit(s), 0 error(s), 0 left on base; Thunder Bay 0 - Toledo 0
TOP OF THE 2ND
Thunder Bay Northern Lions BC batting - Pitching for Toledo Stingers : LHP Arnie Pittman
Batting: RHB Keith Fish 0-0: Ground out 5-3 (Groundball, 5L)
Batting: RHB Fred Meyer 0-0: Called Strike
0-1: Ball
1-1: Called Strike
1-2: Ball
2-2: Foul Ball, location: 2F
2-2: Strikes out swinging
Batting: SHB Arnold Griffith 0-0: Ball
1-0: Ground out 6-3 (Groundball, 6MS)
Top of the 2nd over - 0 run(s), 0 hit(s), 0 error(s), 0 left on base; Thunder Bay 0 - Toledo 0
BOTTOM OF THE 2ND
Toledo Stingers batting - Pitching for Thunder Bay Northern Lions BC : RHP Rafael Cardona
Batting: RHB Enrique Pérez 0-0: Foul Ball, location: 2F
0-1: Fly out, F9 (Flyball, 9LD)
Batting: LHB Jorge Flores 0-0: Foul Ball, location: 2F
0-1: Ball
1-1: Ground out 4-3 (Groundball, 4MS)
Batting: RHB Anthony Johnston 0-0: Fly out, F8 (Line Drive, 8LM)
Bottom of the 2nd over - 0 run(s), 0 hit(s), 0 error(s), 0 left on base; Thunder Bay 0 - Toledo 0
TOP OF THE 3RD
Thunder Bay Northern Lions BC batting - Pitching for Toledo Stingers : LHP Arnie Pittman
Batting: RHB Kenzaburo Hori 0-0: Foul Ball, location: 2F
0-1: Foul Ball, location: 2F
0-2: Foul Ball, location: 2F
0-2: Ground out 4-3 (Groundball, 4)
Batting: RHB Carlos Padilla 0-0: Foul Ball, location: 2F
0-1: Fly out, F3 (Popup, 3L)
Batting: LHB Chris Gregory 0-0: Called Strike
0-1: Called Strike
0-2: Strikes out swinging
Top of the 3rd over - 0 run(s), 0 hit(s), 0 error(s), 0 left on base; Thunder Bay 0 - Toledo 0
BOTTOM OF THE 3RD
Toledo Stingers batting - Pitching for Thunder Bay Northern Lions BC : RHP Rafael Cardona
Batting: RHB Pil-joong Pak 0-0: Ground out U3 (Groundball, 34)
Batting: RHB Alfredo Méndez 0-0: Called Strike
0-1: Foul Ball, location: 2F
0-2: Ball
1-2: Strikes out swinging
Batting: RHB Francis Kelly 0-0: Called Strike
0-1: Foul Ball, location: 2F
0-2: SINGLE (Groundball, 56D)
Batting: LHB Chris West 0-0: Ball
1-0: Called Strike
1-1: Swinging Strike
1-2: Strikes out swinging
Bottom of the 3rd over - 0 run(s), 1 hit(s), 0 error(s), 1 left on base; Thunder Bay 0 - Toledo 0
TOP OF THE 4TH
Thunder Bay Northern Lions BC batting - Pitching for Toledo Stingers : LHP Arnie Pittman
Batting: SHB Carlos Rodríguez 0-0: DOUBLE (Line Drive, 7LD)
Batting: RHB Wilfred McLaughlin 0-0: Fly out, F9 (Flyball, 9)
Batting: LHB David Smith 0-0: Ball
1-0: Ball
2-0: Called Strike
2-1: Ball
3-1: 2-RUN HOME RUN (Line Drive, 9D), Distance : 383 ft
Batting: RHB Keith Fish 0-0: Called Strike
0-1: Ball
1-1: Ball
2-1: Swinging Strike
2-2: Foul Ball, location: 2F
2-2: SINGLE (Line Drive, 4M)
Batting: RHB Fred Meyer 0-0: Called Strike
0-1: Foul Ball, location: 2F
0-2: Ball
1-2: Ball
2-2: Foul Ball, location: 2F
2-2: SINGLE (Flyball, 8RS)
Keith Fish to second
Keith Fish to third
Batting: SHB Arnold Griffith 0-0: Ball
1-0: Fly out, F8 (Flyball, 8RM)
Runner from 3rd tags up, SCORES, no throw
Batting: RHB Kenzaburo Hori 0-0: Ball
1-0: Ground out 1-3 (Groundball, P)
Top of the 4th over - 3 run(s), 4 hit(s), 0 error(s), 1 left on base; Thunder Bay 3 - Toledo 0
BOTTOM OF THE 4TH
Toledo Stingers batting - Pitching for Thunder Bay Northern Lions BC : RHP Rafael Cardona
Batting: RHB John Downing 0-0: Ball
1-0: Foul Ball, location: 2F
1-1: Foul Ball, location: 2F
1-2: SINGLE (Groundball, 5D)
Batting: LHB Yannick Hendriksen 0-0: Ball
1-0: Foul Ball, location: 2F
1-1: Swinging Strike
1-2: Ball
2-2: Ball
3-2: Base on Balls
John Downing to second
Batting: RHB Enrique Pérez 0-0: Called Strike
0-1: Ball
1-1: Swinging Strike
1-2: Strikes out swinging
Batting: LHB Jorge Flores 0-0: Ball
1-0: Foul Ball, location: 2F
1-1: Ball
2-1: Foul Ball, location: 2F
2-2: Strikes out swinging
Batting: RHB Anthony Johnston 0-0: Foul Ball, location: 2F
0-1: Foul Ball, location: 2F
0-2: Ball
1-2: Fielders Choice at 2nd, 6-4 (Groundball, 6)
Bottom of the 4th over - 0 run(s), 1 hit(s), 0 error(s), 1 left on base; Thunder Bay 3 - Toledo 0
TOP OF THE 5TH
Thunder Bay Northern Lions BC batting - Pitching for Toledo Stingers : LHP Arnie Pittman
Batting: RHB Carlos Padilla 0-0: Ball
1-0: Foul Ball, location: 2F
1-1: Ball
2-1: Foul Ball, location: 2F
2-2: Ball
3-2: Base on Balls
Batting: LHB Chris Gregory 0-0: Sac Bunt - play at first, batter OUT! 1-3
Carlos Padilla to second
Batting: SHB Carlos Rodríguez 0-0: Called Strike
0-1: Called Strike
0-2: Foul Ball, location: 2F
0-2: Ground out 5-3 (Groundball, 56)
Batting: RHB Wilfred McLaughlin 0-0: Called Strike
0-1: Foul Ball, location: 2F
0-2: Fly out, F5 (Line Drive, 5)
Top of the 5th over - 0 run(s), 0 hit(s), 0 error(s), 1 left on base; Thunder Bay 3 - Toledo 0
BOTTOM OF THE 5TH
Toledo Stingers batting - Pitching for Thunder Bay Northern Lions BC : RHP Rafael Cardona
Batting: RHB Pil-joong Pak 0-0: Called Strike
0-1: Ball
1-1: Reached on error, E5 (Groundball, 56)
Batting: RHB Alfredo Méndez 0-0: Fly out, F4 (Popup, 3D)
Batting: RHB Francis Kelly 0-0: Ball
1-0: Ground out 6-3 (Groundball, 6)
Pil-joong Pak to third
Batting: LHB Chris West 0-0: Ball
1-0: Ball
2-0: SINGLE (Line Drive, 34D)
Pil-joong Pak scores
Batting: RHB John Downing 0-0: Called Strike
0-1: Ball
1-1: Ground out 6-3 (Groundball, 6)
Bottom of the 5th over - 1 run(s), 1 hit(s), 1 error(s), 1 left on base; Thunder Bay 3 - Toledo 1
TOP OF THE 6TH
Thunder Bay Northern Lions BC batting - Pitching for Toledo Stingers : LHP Arnie Pittman
Batting: LHB David Smith 0-0: Called Strike
0-1: Ball
1-1: Ball
2-1: Ball
3-1: Foul Ball, location: 2F
3-2: Strikes out swinging
Batting: RHB Keith Fish 0-0: Ball
1-0: Ball
2-0: Ball
3-0: Base on Balls
Batting: RHB Fred Meyer 0-0: Called Strike
0-1: Grounds into double play, 4-6-3 (Groundball, 4)
Top of the 6th over - 0 run(s), 0 hit(s), 0 error(s), 0 left on base; Thunder Bay 3 - Toledo 1
BOTTOM OF THE 6TH
Toledo Stingers batting - Pitching for Thunder Bay Northern Lions BC : RHP Rafael Cardona
Batting: LHB Yannick Hendriksen 0-0: Ball
1-0: Called Strike
1-1: Fly out, F7 (Flyball, 78M)
Batting: RHB Enrique Pérez 0-0: Swinging Strike
0-1: Foul Ball, location: 2F
0-2: Strikes out swinging
Batting: LHB Jorge Flores 0-0: Called Strike
0-1: DOUBLE (Flyball, 78D)
Batting: RHB Anthony Johnston 0-0: Called Strike
0-1: Foul Ball, location: 2F
0-2: Ball
1-2: Ball
2-2: Strikes out swinging
Bottom of the 6th over - 0 run(s), 1 hit(s), 0 error(s), 1 left on base; Thunder Bay 3 - Toledo 1
TOP OF THE 7TH
Thunder Bay Northern Lions BC batting - Pitching for Toledo Stingers : LHP Arnie Pittman
Batting: SHB Arnold Griffith 0-0: Ground out 3-1 (Groundball, 34S)
Batting: RHB Kenzaburo Hori 0-0: Ball
1-0: Called Strike
1-1: Foul Ball, location: 2F
1-2: Ground out U3 (Groundball, 34)
Batting: RHB Carlos Padilla 0-0: Called Strike
0-1: Fly out, F6 (Popup, 4MD)
Top of the 7th over - 0 run(s), 0 hit(s), 0 error(s), 0 left on base; Thunder Bay 3 - Toledo 1
BOTTOM OF THE 7TH
Toledo Stingers batting - Pitching for Thunder Bay Northern Lions BC : RHP Rafael Cardona
Batting: RHB Pil-joong Pak 0-0: Called Strike
0-1: Called Strike
0-2: Foul Ball, location: 2F
0-2: Ground out 6-3 (Groundball, 6)
Batting: RHB Alfredo Méndez 0-0: Ground out 6-3 (Groundball, 6)
Batting: RHB Francis Kelly 0-0: Called Strike
0-1: Ground out 5-3 (Groundball, 56S)
Bottom of the 7th over - 0 run(s), 0 hit(s), 0 error(s), 0 left on base; Thunder Bay 3 - Toledo 1
TOP OF THE 8TH
Thunder Bay Northern Lions BC batting - Pitching for Toledo Stingers : LHP Arnie Pittman
Batting: LHB Chris Gregory 0-0: Called Strike
0-1: Ground out 3-1 (Groundball, 34S)
Batting: SHB Carlos Rodríguez 0-0: Fly out, F9 (Line Drive, 9LS)
Batting: RHB Wilfred McLaughlin 0-0: Fly out, F9 (Flyball, 89M)
Top of the 8th over - 0 run(s), 0 hit(s), 0 error(s), 0 left on base; Thunder Bay 3 - Toledo 1
BOTTOM OF THE 8TH
Toledo Stingers batting - Pitching for Thunder Bay Northern Lions BC : RHP Rafael Cardona
Batting: LHB Chris West 0-0: Called Strike
0-1: Ball
1-1: Ground out 6-3 (Groundball, 6)
Pitching: RHP Jorge Castillo
Batting: RHB John Downing 0-0: Ball
1-0: Foul Ball, location: 2F
1-1: SINGLE (Line Drive, 4D)
Batting: LHB Yannick Hendriksen 0-0: Ball
1-0: Reached on error, E4 (Groundball, 4)
John Downing to second
Batting: RHB Enrique Pérez 0-0: Ball
1-0: Foul Ball, location: 2F
1-1: Ball
2-1: Called Strike
2-2: Foul Ball, location: 2F
2-2: Ball
3-2: Foul Ball, location: 2F
3-2: Foul Ball, location: 2F
3-2: Foul Ball, location: 2F
3-2: Base on Balls
John Downing to third
Yannick Hendriksen to second
Batting: LHB Jorge Flores 0-0: Foul Ball, location: 2F
0-1: Fly out, F7 (Flyball, 78M)
Batting: RHB Anthony Johnston 0-0: Swinging Strike
0-1: DOUBLE (Line Drive, 7LM)
John Downing scores
Yannick Hendriksen scores
Enrique Pérez to third
Runner from 3rd tries for Home, SAFE, throw made home
Pitching: RHP Andrés Martínez
Batting: RHB Pil-joong Pak 0-0: Ball
1-0: Called Strike
1-1: Ball
2-1: Ball
3-1: Fly out, F9 (Flyball, 89S)
Bottom of the 8th over - 3 run(s), 2 hit(s), 1 error(s), 1 left on base; Thunder Bay 3 - Toledo 4
TOP OF THE 9TH
Thunder Bay Northern Lions BC batting - Pitching for Toledo Stingers : LHP Arnie Pittman
Batting: LHB David Smith 0-0: Ball
1-0: SINGLE (Groundball, 4MD)
Pitching: LHP Brandeis Vogt
Batting: RHB Keith Fish 0-0: Foul Ball, location: 2F
0-1: Fly out, F7 (Line Drive, 7)
Batting: RHB Fred Meyer 0-0: Ball
1-0: Ball
2-0: Ball
3-0: Called Strike
3-1: Foul Ball, location: 2F
3-2: Fly out, F8 (Flyball, 8RM)
Batting: SHB Arnold Griffith 0-0: SINGLE (Groundball, 6MD)
David Smith to second
Batting: RHB Kenzaburo Hori 0-0: Called Strike
0-1: Called Strike
0-2: Ball
1-2: Ball
2-2: Foul Ball, location: 2F
2-2: Strikes out swinging
Top of the 9th over - 0 run(s), 2 hit(s), 0 error(s), 2 left on base; Thunder Bay 3 - Toledo 4
Monday, March 20th, 2017 - OOTP Baseball 17.12 Build 75